 Dungeon Crawl Stone Soup version 0.25-a0-178-gc9f82b1288 (webtiles) character file.

Game seed: 12704426843810123773, levelgen mode: deterministic

1030 Lanoc the Firebug (level 8, -1/52 HPs)
             Began as a Demonspawn Fire Elementalist on Nov 26, 2019.
             Blown up by Ijyb (22 damage)
             ... with a disintegration bolt
             ... on level 5 of the Dungeon.
             The game lasted 00:12:15 (5160 turns).

Lanoc the Firebug (Demonspawn Fire Elementalist)    Turns: 5160, Time: 00:12:16

Health: -1/52      AC:  5    Str:  8    XL:     8   Next: 3%
Magic:  3/11       EV: 15    Int: 19    God:
Gold:   207        SH:  0    Dex: 16    Spells: 3/11 levels left

rFire    + . .     SeeInvis .   (no weapon)
rCold    x . .     Gourm    .   (no shield)
rNeg     . . .     Faith    .   a - +0 robe
rPois    .         Spirit   .   (no helmet)
rElec    .         Reflect  .   (no cloak)
rCorr    .         Harm     .   (no gloves)
MR       .....                  (no boots)
Stlth    ++........             (no amulet)
HPRegen  0.17/turn              m - ring of fire
MPRegen  0.12/turn              x - +3 ring of protection

@: no status effects
A: talons 2, thin skeletal structure 1, demonic guardian 2
a: no special abilities


You were on level 5 of the Dungeon.
You were not hungry.

You visited 1 branch of the dungeon, and saw 5 of its levels.
You also visited: Sewer.

You collected 207 gold pieces.

Inventory:

Hand Weapons
 o - a +0 hunting sling
Missiles
 p - 107 stones
 t - 23 sling bullets
 v - 5 curare-tipped darts (quivered)
Armour
 a - a +0 robe (worn)
Jewellery
 e - an uncursed ring of poison resistance
 g - an uncursed ring of protection from magic
 m - a ring of fire (left hand)
 x - a +3 ring of protection (right hand)
Scrolls
 b - a scroll of magic mapping
 j - 3 scrolls of remove curse {unknown}
 k - a scroll of immolation {unknown}
 l - a scroll of teleportation {unknown}
 n - a scroll of torment {unknown}
 q - a scroll of enchant armour {unknown}
 y - a scroll of random uselessness {unknown}
Potions
 f - 4 potions of curing {unknown}
 h - a potion of invisibility
 i - a potion of might
 r - 3 potions of flight
 s - 3 potions of brilliance {unknown}
 u - a potion of heal wounds
 z - a potion of berserk rage
Comestibles
 c - 10 rations
 w - 2 chunks of flesh


   Skills:
 + Level 5.1 Dodging
 - Level 1.7 Stealth
 - Level 2.0 Spellcasting
 + Level 5.4 Conjurations
 + Level 5.6 Fire Magic


You had 3 spell levels left.
You knew the following spells:

 Your Spells              Type           Power        Failure   Level  Hunger
a - Flame Tongue          Conj/Fire      ####.        1%          1    #......
b - Sticky Flame          Conj/Fire      ####....     17%         4    #####..
c - Conjure Flame         Conj/Fire      ####....     5%          3    ###....

Your spell library contained the following spells:

 Spells                   Type           Power        Failure   Level  Hunger
 Throw Flame              Conj/Fire      ####..       2%          2    ###....
 Inner Flame              Hex/Fire       ###.....     16%         3    ###....
 Fireball                 Conj/Fire      ####......   43%         5    ######.


Dungeon Overview and Level Annotations

Branches:
Dungeon (5/15)              Sewer (visited)
 Temple: D:4-7

Altars:
Hepliaklqana
Makhleb
Qazlal
Wu Jian
Xom
The Shining One

Annotations:
D:3 3 runed translucent doors, Shinminahshi's ghost, amateur OpFi
D:5 Ijyb


Innate Abilities, Weirdness & Mutations

You have razor-sharp toenails.
You have a somewhat thin skeletal structure. (Dex +2, Stealth)
A demonic guardian rushes to your aid.


Message History

Aim: a worker ant You feel a surge of power!
The flame tongue hits the worker ant!
The worker ant is severely wounded.
The worker ant completely misses you.
Casting: Flame Tongue (safe; 1% risk of failure)
Confirm with . or Enter, or press ? or * to list all spells.
Aiming: Flame Tongue (safe; 1% risk of failure)
Press: ? - help, Shift-Dir - straight line, f/p - worker ant
Aim: a worker ant (severely wounded)
You feel a surge of power!
The flame tongue hits the worker ant.
You kill the worker ant!
Ijyb zaps a wand.
You are blasted!
Ouch! That really hurt!
The orc throws a boomerang.
The boomerang closely misses you.
The weapon returns to the orc!
The orc throws a boomerang.
The boomerang hits you but does no damage.
The weapon returns to the orc!
Ijyb zaps a wand.
You are blasted!
You die...

#.......# #.......#
# #.......####
#.##.........#
#............#
##########.........+
#......<##...).....#
#.########..o......#
#..)(.@..g.o.)...###
######)...######.#
#....# .# ##.### .
.... . ......
.......' .......##
#..##...#


You could see Ijyb and 2 orcs.

Vanquished Creatures
  2 ogres (D:4)
  A centaur (D:5)
  A big kobold (Sewer)
  A wyvern skeleton (D:3)
  A scorpion (D:2)
  A howler monkey (D:4)
  2 hounds (D:4)
  2 orc priests
  3 orc wizards (D:4)
  2 worker ants
  Robin (D:2)
  4 gnolls (D:4)
  10 adders
  A river rat (Sewer)
  2 worms
  A dart slug (D:1)
  3 leopard geckos (D:4)
  12 orcs
  6 giant cockroaches
  6 hobgoblins
  7 jackals
  3 quokkas
  11 bats
  6 frilled lizards
  19 goblins
  7 kobolds
  A leopard gecko skeleton (D:4)
  8 rats
124 creatures vanquished.

Vanquished Creatures (collateral kills)
  An ogre (D:5)
  A jelly (D:5)
  A shadow imp (D:5)
  An orc (D:5)
  A jackal (Sewer)
5 creatures vanquished.

Grand Total: 129 creatures vanquished

Notes
Turn   | Place    | Note
-------+----------+-------------------------------------------
     0 | D:1      | Lanoc the Demonspawn Fire Elementalist began the quest for
                  | the Orb.
     0 | D:1      | Reached XP level 1. HP: 13/13 MP: 3/3
   619 | D:1      | Gained mutation: You have sharp toenails. [demonic
                  | ancestry]
   619 | D:1      | Reached XP level 2. HP: 19/19 MP: 1/5
  1339 | D:2      | Noticed a scorpion
  1355 | D:2      | Killed a scorpion
  1355 | D:2      | Gained mutation: You have razor-sharp toenails. [demonic
                  | ancestry]
  1355 | D:2      | Reached XP level 3. HP: 24/24 MP: 0/6
  1355 | D:2      | Reached XP level 4. HP: 30/30 MP: 0/7
  1361 | D:2      | Learned a level 4 spell: Sticky Flame
  1829 | D:2      | Found a glowing golden altar of the Shining One.
  2154 | D:2      | Noticed Robin
  2165 | D:2      | Killed Robin
  2221 | D:2      | Reached XP level 5. HP: 8/35 MP: 0/8
  2540 | D:2      | Learned a level 3 spell: Conjure Flame
  2741 | D:3      | Found a burning altar of Makhleb.
  2999 | D:3      | Found a runed translucent gate.
  2999 | D:3      | Found a runed translucent gate.
  2999 | D:3      | Found a runed translucent gate.
  3007 | D:3      | Noticed Shinminahshi's ghost (amateur OpFi)
  3335 | D:3      | Gained mutation: A weak demonic guardian rushes to your
                  | aid. [demonic ancestry]
  3335 | D:3      | Reached XP level 6. HP: 25/41 MP: 1/9
  3723 | D:4      | Found a glowing drain.
  3762 | Sewer    | Entered a sewer
  4155 | Sewer    | Found a glowing silver altar of Zin.
  4351 | D:4      | Gained mutation: A demonic guardian rushes to your aid.
                  | [demonic ancestry]
  4351 | D:4      | Reached XP level 7. HP: 43/46 MP: 2/10
  4604 | D:4      | Found a stormy altar of Qazlal.
  4607 | D:4      | Found a hazy altar of Hepliaklqana.
  4610 | D:4      | Found a shimmering altar of Xom.
  4613 | D:4      | Found an ornate altar of the Wu Jian Council.
  4620 | D:4      | Reached skill level 5 in Fire Magic
  4923 | D:4      | Reached skill level 5 in Conjurations
  5106 | D:5      | Entered Level 5 of the Dungeon
  5129 | D:5      | Reached skill level 5 in Dodging
  5131 | D:5      | Gained mutation: You have a somewhat thin skeletal
                  | structure. (Dex +2, Stealth) [demonic ancestry]
  5131 | D:5      | Reached XP level 8. HP: 50/52 MP: 5/11
  5149 | D:5      | Noticed Ijyb
  5160 | D:5      | Blown up by Ijyb

Levels and vault maps discovered:
D:1:      eino_arrival_cavern_a, layout_basic
D:2:      layout_basic, lemuel_crystal_altar, kennysheep_small_spiral,
          uniq_robin
D:3:      layout_basic, nicolae_overflow_crystal_walls, first_ration,
          ebering_ghost_rock_garden, st_stairs_14, chequers_mini_garden,
          minmay_misc_feat_x
D:4:      layout_loops_ring, grunt_temple_overflow_cloverleaf,
          portal_sewer_entry_f
D:5:      layout_basic, lemuel_crystal_altar, nicolae_dithmenos_shadow_blocks,
          temple_pool_b, uniq_ijyb

Skill      XL: |  1  2  3  4  5  6  7 |
---------------+----------------------+-----
Dodging        | 2 3 4 5 |  5.1
Fire Magic     | 3 4 5 |  5.6
Conjurations   | 2 3 4 5 |  5.4
Stealth        | |  1.7
Spellcasting   | |  2.0

Action                   |  1- 3 |  4- 6 |  7- 9 || total
-------------------------+-------+-------+-------++-------
Melee: Unarmed           |    16 |    42 |    41 ||    99
       Kick              |       |     9 |     5 ||    14
 Cast: Flame Tongue      |    29 |   143 |    58 ||   230
       Conjure Flame     |       |     1 |       ||     1
  Use: Potion            |       |     3 |       ||     3
       Scroll            |       |     1 |     4 ||     5
 Stab: Sleeping          |       |     1 |       ||     1
  Eat: Chunk             |     2 |    11 |     3 ||    16
Armor: Robe              |     4 |    15 |    14 ||    33
Dodge: Dodged            |    21 |    73 |    55 ||   149

Table legend:
 A = Non-vault XP
 B = Vault XP
 C = Vault XP percentage of total XP
 D = Non-vault monster count
 E = Vault monster count
 F = Vault count percentage of total count
                 A         B        C        D         E       F
            +---------+---------+-------+---------+---------+-------
      Total |    1307 |     165 |  11.2 |     100 |      29 |  22.5
            +---------+---------+-------+---------+---------+-------
        D:1 |      16 |       0 |   0.0 |      11 |       0 |   0.0
        D:2 |     154 |      35 |  18.5 |      23 |      12 |  34.3
        D:3 |     201 |       5 |   2.4 |      31 |       1 |   3.1
        D:4 |     649 |      15 |   2.3 |      28 |       6 |  17.6
        D:5 |     287 |       0 |   0.0 |       7 |       0 |   0.0
      Sewer |       0 |     110 | 100.0 |       0 |      10 | 100.0
            +---------+---------+-------+---------+---------+-------
